 Dungeon Crawl Stone Soup version 0.26-a0-278-g3b0d5afba5 (webtiles) character file.

Game seed: 1703642148606193039

66 BritishOli the Skirmisher (level 3, -8/29 HPs)
             Began as a Demonspawn Fighter on July 12, 2020.
             Mangled by Sigmund
             ... wielding a +0 scythe
              (11 damage)
             ... on level 2 of the Dungeon.
             The game lasted 00:01:13 (2001 turns).

BritishOli the Skirmisher (Demonspawn Fighter)      Turns: 2001, Time: 00:01:14

Health: -8/29      AC: 12    Str: 17    XL:     3   Next: 96%
Magic:  3/3        EV: 17    Int:  9    God:
Gold:   46         SH:  0    Dex: 12    Spells: 2/2 levels left

rFire    . . .     SeeInvis .   (weapon currently unavailable)
rCold    . . .     Faith    .   (shield currently unavailable)
rNeg     + + +     Spirit   .   (armour currently unavailable)
rPois    +         Reflect  .   (helmet currently unavailable)
rElec    .         Harm     .   (cloak currently unavailable)
rCorr    .                      (gloves currently unavailable)
MR       .....                  (boots currently unavailable)
Stlth    +.........             (no amulet)
HPRegen  0.09/turn              (no ring)
MPRegen  0.08/turn              (no ring)

@: mighty, fungus-form (expiring)
A: tiny, powered by pain 1
a: no special abilities


You were on level 2 of the Dungeon.
You were a sentient fungus.
You visited 1 branch of the dungeon, and saw 2 of its levels.

You collected 46 gold pieces.

Inventory:

Hand Weapons
 a - a +0 long sword (melded)
Armour
 b - a +0 scale mail (melded)
 c - a +0 kite shield (melded)
Scrolls
 g - a scroll of remove curse {unknown}
 h - a scroll of blinking {unknown}
 k - a scroll of teleportation {unknown}
 l - a scroll of amnesia {unknown}
Potions
 d - a potion of might
 e - a potion of berserk rage {unknown}
 f - a potion of heal wounds {unknown}
 i - a potion of haste {unknown}
 j - a potion of mutation {unknown}


   Skills:
 + Level 3.5 Fighting
 + Level 2.4 Long Blades
 + Level 3.2 Armour
 + Level 3.2 Shields


You had 2 spell levels left.
You didn't know any spells.
Your spell library was empty.

Dungeon Overview and Level Annotations

Branches:
Dungeon (2/15)

Altars:

Annotations:
D:2 Sigmund


Innate Abilities, Weirdness & Mutations

You sometimes gain a little power by taking damage.


Message History

You are too confused!
You are too confused!
You are too confused!
You are too confused!
You are too confused!
Your transformation is almost over.
The goblin hits you.
You are too confused!
The goblin hits you. Something barely misses you.
You see here a bat corpse.
You release spores at the goblin!
You kill the goblin!
You release spores at the hobgoblin!
You kill the hobgoblin!
Something hits you!
* * * LOW HITPOINT WARNING * * *
The goblin shoots a stone.
The stone closely misses you.
You feel less confused.
The goblin shoots a stone.
The stone completely misses you. Something hits you!
You die...

.# .# ########## .# #........# .#
#........# .############.)......#
.##...............)..#
.##...............)..#
.##..................# #######
.##..........g.†f...(######......
>.'............†.......)).'......
###..................######......
.bg##########.......(# #......
##.# #........# #...... #(#
#........## #...... #g#
#.........# #...... .b.
#########.# #...... ..... ###.##
#......


You could see a goblin.

Vanquished Creatures
  3 oozes
  A worm (D:2)
  A dart slug (D:1)
  3 leopard geckos
  3 orcs (D:2)
  A ball python (D:1)
  A giant cockroach (D:1)
  4 goblins
  6 hobgoblins
  3 jackals (D:1)
  3 kobolds
  A quokka (D:2)
  4 bats
  A frilled lizard (D:1)
  3 rats
38 creatures vanquished.

Notes
Turn   | Place    | Note
-------+----------+-------------------------------------------
     0 | D:1      | BritishOli the Demonspawn Fighter began the quest for the
                  | Orb.
     0 | D:1      | Reached XP level 1. HP: 18/18 MP: 1/1
    55 | D:1      | Gained mutation: You sometimes gain a little power by
                  | taking damage. [demonic ancestry]
    55 | D:1      | Reached XP level 2. HP: 19/24 MP: 2/2
   216 | D:1      | HP: 1/24 [kobold/+1 whip of electrocution (20)]
   660 | D:1      | Reached XP level 3. HP: 28/29 MP: 3/3
  1970 | D:2      | Noticed Sigmund
  2001 | D:2      | Mangled by Sigmund

Illustrated notes

Levels and vault maps discovered:
D:1:      minmay_arrival_open_corners, layout_basic,
          corexii_item_surrounded_by_moat
D:2:      layout_basic, hangedman_decor_diamond_cutter, okawaru_trees_1,
          uniq_sigmund

Skill      XL: |  1  2 |
---------------+-------+-----
Long Blades    | 2 |  2.4
Armour         | 3 |  3.2
Shields        | 3 |  3.2
Fighting       | |  3.5

Action                   || total
-------------------------++-------
Melee: Long sword        ||   117
       Unarmed           ||     3
Armor: Scale mail        ||    52
       Skin              ||     2
Dodge: Dodged            ||    36
Block: Kite shield       ||    49
       Rpst.: Long sword ||    12

Table legend:
 A = Non-vault XP
 B = Vault XP
 C = Vault XP percentage of total XP
 D = Non-vault monster count
 E = Vault monster count
 F = Vault count percentage of total count
                 A         B        C        D         E       F
            +---------+---------+-------+---------+---------+-------
      Total |      95 |       0 |   0.0 |      38 |       0 |   0.0
            +---------+---------+-------+---------+---------+-------
        D:1 |      52 |       0 |   0.0 |      22 |       0 |   0.0
        D:2 |      43 |       0 |   0.0 |      16 |       0 |   0.0
            +---------+---------+-------+---------+---------+-------
